 Dungeon Crawl Stone Soup version 0.28.0-43-g3370ac3207 (webtiles) character file.

Game seed: 13190432811563169200

362 boopmooplesden the Chopper (level 6, -2/53 HPs)
             Began as a Minotaur Fighter on Mar 30, 2022.
             Succumbed to a scorpion's poison
             ... on level 4 of the Dungeon.
             The game lasted 00:03:27 (3822 turns).

boopmooplesden the Chopper (Minotaur Fighter)       Turns: 3822, Time: 00:03:28

Health: -2/53      AC:  9    Str: 20    XL:     6   Next: 39%
Magic:  5/5        EV:  7    Int:  5    God:
Gold:   265        SH:  5    Dex: 12    Spells: 5/5 levels left

rFire   . . .      SeeInvis .   a - +1 war axe (freeze)
rCold   . . .      Faith    .   c - +0 buckler
rNeg    . . .      Spirit   .   t - +0 chain mail
rPois   .          Reflect  .   (helmet restricted)
rElec   .          Harm     .   (no cloak)
rCorr   .          Rampage  .   (no gloves)
Will    .....                   (no boots)
Stlth   ..........              (no amulet)
HPRegen 0.17/turn               (no ring)
MPRegen 0.09/turn               (no ring)

@: lethally poisoned (-2 -> -10)
A: horns 2, retaliatory headbutt
a: no special abilities


You were on level 4 of the Dungeon.
You visited 1 branch of the dungeon, and saw 4 of its levels.

You collected 265 gold pieces.

Inventory:

Hand Weapons
 a - a +1 war axe of freezing (weapon)
Missiles
 f - 2 throwing nets (quivered)
Armour
 c - a +0 buckler (worn)
 t - a +0 chain mail (worn)
Wands
 d - a wand of mindburst (12)
Potions
 b - a potion of lignification {unknown}
 e - a potion of resistance
 g - a potion of attraction
 l - 2 potions of heal wounds {unknown}
 m - a potion of brilliance {unknown}
 q - 2 potions of curing {unknown}
 r - a potion of invisibility {unknown}
 s - a potion of magic {unknown}


   Skills:
 + Level 4.4 Fighting
 + Level 6.1 Axes
 + Level 5.0 Armour
 + Level 0.5 Dodging
 + Level 0.8 Stealth
 + Level 4.4 Shields


You had 5 spell levels left.
You didn't know any spells.
Your spell library contained the following spells:

 Spells                   Type           Power      Damage    Failure   Level
 Animate Skeleton         Necr           0%         N/A       100%        1
 Apportation              Tloc           0%         N/A       100%        1
 Freeze                   Ice            0%         1d3       100%        1
 Summon Small Mammal      Summ           0%         N/A       100%        1
 Ensorcelled Hibernation  Hex/Ice        0%         N/A       100%        2
 Passwall                 Tmut/Erth      0%         N/A       100%        2
 Frozen Ramparts          Ice            0%         1d2       100%        3
 Swiftness                Air            0%         N/A       100%        3
 Hailstorm                Conj/Ice       0%         3d3       100%        4


Dungeon Overview and Level Annotations

Branches:
Dungeon (4/15)
 Temple: D:4-7

Altars:
Ashenzari
Qazlal
Vehumet


Innate Abilities, Weirdness & Mutations

You have a pair of horns on your head.
You reflexively headbutt those who attack you in melee.


Message History

The gnoll barely misses you.
Your Armour skill increases to level 5!
The gnoll hits you but does no damage.
You see here a +2 spear of flaming.
The gnoll drinks a potion.
The gnoll goes berserk!
The gnoll barely misses you. You block the gnoll's attack.
The gnoll hits you with a +0 whip.
You barely miss the gnoll. The gnoll hits you with a +0 whip. x2
You barely miss the gnoll. The gnoll barely misses you.
You barely miss the gnoll. The gnoll hits you with a +0 whip.
The gnoll completely misses you.
You closely miss the gnoll.
You headbutt the gnoll, but do no damage.
The gnoll hits you with a +0 whip!
* * * LOW HITPOINT WARNING * * *
The gnoll barely misses you.
You hit the gnoll. You freeze the gnoll.
The gnoll is moderately wounded.
You block the gnoll's attack. The gnoll barely misses you.
You furiously retaliate!
You headbutt the gnoll. You slash the gnoll! You freeze the gnoll.
You kill the gnoll!
You now have 265 gold pieces (gained 6).
Things that are here:
a +0 whip; a gnoll corpse A scorpion comes into view.
A scorpion is nearby!
A scorpion is nearby!
A scorpion is nearby!
The scorpion stings you but does no damage.
You hit the scorpion but do no damage.
The scorpion stings you but does no damage.
The scorpion stings you.
* * * LOW HITPOINT WARNING * * *
You closely miss the scorpion. The scorpion stings you.
* * * LOW HITPOINT WARNING * * *
You are lethally poisoned!
The scorpion poisons you!
You closely miss the scorpion.
You die...

.........)###
..[###..#.#...#.
.........## #......#.#
.... #.....(.##
###..#.#.#....# ........#
#######........# ###.##..#
............####
..........###......##....#
..............##...##....#
......###........s.......#
......## ######.@#.##....#
<........##
###.##.####...... ......
#...##..)##.# ......
...... #...))###.# ......
##........# ......
#.......#.... .....
#....>....... ....
...............
#...............


You could see a scorpion.

Vanquished Creatures
  2 jellies
  An orc priest (D:4)
  An orc wizard (D:4)
  Ijyb (D:3)
  Terence (D:3)
  A hound skeleton (D:4)
  6 adders
  4 gnolls
  6 worms
  3 orcs (D:4)
  6 bats
  11 endoplasms
  2 giant cockroaches
  9 goblins
  5 hobgoblins
  A quokka (D:1)
  6 ball pythons
  3 frilled lizards
  6 kobolds
  5 rats
80 creatures vanquished.

Notes
Turn   | Place    | Note
-------+----------+-------------------------------------------
     0 | D:1      | boopmooplesden the Minotaur Fighter began the quest for the
                  | Orb.
     0 | D:1      | Reached XP level 1. HP: 19/19 MP: 0/0
    29 | D:1      | Found a faded altar of an unknown god.
   104 | D:1      | Reached XP level 2. HP: 22/27 MP: 1/1
   806 | D:2      | Reached skill level 3 in Axes
   806 | D:2      | Reached XP level 3. HP: 33/33 MP: 2/2
  1578 | D:2      | Reached XP level 4. HP: 34/40 MP: 3/3
  1622 | D:2      | Reached skill level 4 in Axes
  1678 | D:3      | Found a broken altar of Ashenzari.
  2060 | D:3      | Found a radiant altar of Vehumet.
  2153 | D:3      | Found a stormy altar of Qazlal.
  2328 | D:3      | Reached XP level 5. HP: 45/46 MP: 4/4
  2423 | D:3      | Noticed Terence
  2438 | D:3      | Killed Terence
  2439 | D:3      | Reached skill level 5 in Axes
  2547 | D:3      | Noticed Ijyb
  2558 | D:3      | HP: 2/47 [disintegration (6)]
  2559 | D:3      | Killed Ijyb
  3612 | D:4      | Reached XP level 6. HP: 53/53 MP: 5/5
  3683 | D:4      | Reached skill level 6 in Axes
  3790 | D:4      | Reached skill level 5 in Armour
  3821 | D:4      | HP: 1/53 [scorpion (4)]
  3822 | D:4      | Succumbed to a scorpion's poison

Illustrated notes

Levels and vault maps discovered:
D:1:      lightli_molten_gateway, layout_basic,
          hellmonk_ecumenical_altar_pennies_from_heaven, minmay_fountain_box,
          minmay_indecisive_spiral
D:2:      minmay_chambers_of_twos, layout_rooms, nicolae_figureground_sparkle
D:3:      layout_basic, amcnicky_altar_gilded, mainiacjoe_overflow_big_doors,
          uniq_ijyb, uniq_terence
D:4:      layout_rooms, serial_shops, nicolae_inconvenience_store

Skill      XL: |  1  2  3  4  5  6 |
---------------+-------------------+-----
Fighting       | 4 |  4.4
Armour         | 4 5 |  5.0
Shields        | 4 |  4.4
Axes           | 3 4 5 6 |  6.1
Dodging        | |  0.5
Stealth        | |  0.8

Action                   |  1- 3 |  4- 6 || total
-------------------------+-------+-------++-------
Melee: War axe           |    85 |   106 ||   191
       Headbutt          |    10 |    18 ||    28
  Use: Scroll            |       |     9 ||     9
       Potion            |       |     1 ||     1
Armor: Scale mail        |    50 |    29 ||    79
       Chain mail        |       |    40 ||    40
Dodge: Dodged            |    42 |    48 ||    90
Block: Buckler           |    20 |    22 ||    42
